 Dungeon Crawl Stone Soup version 0.20-a0-259-gc929cd2 (webtiles) character file.

7072 Duffy the Arsonist (level 10, -10/65 HPs)
             Began as a Deep Elf Fire Elementalist on Dec 2, 2016.
             Was a Priest of Vehumet.
             Shot with a bolt by an orc warrior (30 damage)
             ... in a bailey.
             The game lasted 00:21:15 (12295 turns).

Duffy the Arsonist (Deep Elf Fire Elementalist)    Turns: 12295, Time: 00:21:15

Health: -10/65     AC:  7    Str:  5    XL:     10   Next: 84%
Magic:  19/24      EV: 14    Int: 24    God:    Vehumet [***...]
Gold:   408        SH:  0    Dex: 15    Spells: 12/25 levels left

rFire  + . .     SeeInvis .     z - staff of fire
rCold  . . .     Gourm    .     a - +0 robe
rNeg   . . .     Faith    .     (no shield)
rPois  .         Spirit   .     D - +0 helmet
rElec  .         Reflect  .     O - +2 cloak
rCorr  .         Harm     .     d - +0 pair of gloves
MR     +....                    (no boots)
Stlth  +++.......               (no amulet)
                                B - ring of stealth
                                g - ring of wizardry (curse)

@: very slightly contaminated, hasted, very quick
A: no striking features
a: Renounce Religion


You were in a bailey.
You worshipped Vehumet.
Vehumet was most pleased with you.
You were hungry.

You visited 2 branches of the dungeon, and saw 11 of its levels.
You also visited: Sewer and Bailey.

You collected 408 gold pieces.

Inventory:

Hand Weapons
 h - a +0 blowgun
 t - a +2 battleaxe of chopping
 x - a +0 flail of draining
 K - a +1 whip of freezing
Missiles
 s - 27 poisoned needles
 v - 3 tomahawks of dispersal (quivered)
 F - 3 throwing nets {!f}
Armour
 a - a +0 robe (worn)
 d - a +0 pair of gloves (worn)
 D - a +0 helmet (worn)
 O - a +2 cloak (worn)
Magical Staves
 z - an uncursed staff of fire (weapon)
Jewellery
 g - a cursed ring of wizardry (left hand)
 B - a ring of stealth (right hand)
Wands
 m - a wand of disintegration (11/24)
 J - a wand of paralysis (16/24)
 R - a wand of digging (11/24)
Scrolls
 e - 2 scrolls of immolation
 j - 3 scrolls of enchant weapon
 k - a scroll of magic mapping
 o - 3 scrolls of teleportation
 q - a scroll of recharging {unknown}
 w - 2 scrolls of blinking {unknown}
 E - 2 scrolls of torment
 G - 2 scrolls of remove curse
 H - a scroll of fear
 L - 3 scrolls of amnesia
 S - a scroll of acquirement {unknown}
 T - a scroll of silence {unknown}
Potions
 n - 6 potions of curing
 p - 2 potions of brilliance
 r - 3 potions of haste
 A - a potion of magic
 C - a potion of berserk rage
 I - 4 potions of heal wounds
 N - a potion of resistance {unknown}
Books
 b - a book of Flames

   Spells                             Type                      Level
   a - Flame Tongue                   Conjuration/Fire             1
   b - Throw Flame                    Conjuration/Fire             2
   c - Conjure Flame                  Conjuration/Fire             3
   d - Inner Flame                    Hexes/Fire                   3
   e - Sticky Flame                   Conjuration/Fire             4
   f - Fireball                       Conjuration/Fire             5
 y - the Almanac of the Frostbite and Sinister Arts
   (You found it on level 5 of the Dungeon)

   Spells                             Type                      Level
   a - Ozocubu's Armour               Charms/Ice                   3
   b - Excruciating Wounds            Charms/Necromancy            5
   c - Freezing Cloud                 Conjuration/Ice/Air          6
   d - Death Channel                  Necromancy                   6
 Q - a book of Frost

   Spells                             Type                      Level
   a - Freeze                         Ice                          1
   b - Throw Frost                    Conjuration/Ice              2
   c - Ozocubu's Armour               Charms/Ice                   3
   d - Throw Icicle                   Conjuration/Ice              4
   e - Summon Ice Beast               Ice/Summoning                4
Comestibles
 c - 6 bread rations
 f - 10 slices of pizza
 i - 17 fruits
 l - 7 meat rations
 u - a beef jerky
 P - a royal jelly


   Skills:
 + Level 8.7 Fighting
 + Level 4.2 Dodging
 - Level 2.4 Stealth
 - Level 8.0 Spellcasting
 - Level 9.2 Conjurations
 - Level 9.3 Fire Magic


You had 12 spell levels left.
You knew the following spells:

 Your Spells              Type           Power        Failure   Level  Hunger
a - Flame Tongue          Conj/Fire      #####        1%          1    None
j - Sticky Flame          Conj/Fire      ######..     1%          4    ##.....
k - Fireball              Conj/Fire      ######....   1%          5    #####..
l - Conjure Flame         Conj/Fire      ######..     1%          3    None


Dungeon Overview and Level Annotations

Branches:
Dungeon (10/15)            Temple (1/1) D:4
   Lair: D:8-11         Orc: D:9-12

Altars:
Ashenzari
Cheibriados
Dithmenos
Elyvilon
Fedhas
Gozag
Hepliaklqana
Kikubaaqudgha
Makhleb
Nemelex Xobeh
Okawaru
Qazlal
Ru
Sif Muna
Trog
Uskayaw
Vehumet
Xom
Yredelemnul
Zin
The Shining One


Message History

Press: ? - help, Shift-Dir - straight line, p - orc warrior
Okay, then.
You feel yourself speed up.
The orc warrior shoots a bolt.
The bolt hits you.
You are very lightly contaminated with residual magic.
The orc warrior shoots a bolt.
The bolt hits you!!
You see here 2 bolts.
Cast which spell? (? or * to list)
Aiming: Fireball
Press: ? - help, Shift-Dir - straight line, p - orc warrior You feel a surge of power!
The fireball explodes!
The fireball engulfs the orc warrior.
The orc warrior is lightly wounded.
The fireball engulfs the orc warrior.
The orc warrior is almost dead.
The orc warrior shouts!
The orc knight roars a battlecry!
The orc warriors go into a battle-frenzy!
The orc warrior shoots a bolt.
The bolt barely misses you.
The orc warrior shoots a bolt.
The bolt hits you!!
You die...

### ##\## #.(@#
#..(#
o~~.......~~o~~
oo~.......~oo.~
~o~~.......~00~~
~~~..#...#..000.
....##...##.oo..
#### ##\## #####
##


You could see 5 orc warriors.

Vanquished Creatures
  A hydra (D:9)
  An unseen horror (D:9)
  Prince Ribbit (D:5)
  2 dream sheep (D:9)
  A hippogriff (D:8)
  Sigmund (D:2)
  5 yaks (D:9)
  A wyvern (D:8)
  Edmund (D:4)
  3 orc warriors
  A necrophage (D:8)
  A sky beast (D:7)
  3 ice beasts
  6 ogres
  3 centaurs
  Blork the orc (D:5)
  10 big kobolds
  2 bullfrogs (D:6)
  A gnoll sergeant (D:9)
  4 scorpions
  A centaur zombie (D:8)
  A crimson imp (D:6)
  3 hounds
  6 jellies
  A bullfrog skeleton (D:6)
  A centaur skeleton (D:5)
  5 orc priests
  3 orc wizards
  3 iguanas
  11 worker ants
  A hound zombie (D:7)
  A hound skeleton (D:5)
  Robin (D:3)
  13 adders
  6 gnolls
  A river rat (D:3)
  3 shadow imps
  8 oozes
  7 worms
  3 dart slugs
  5 leopard geckos
  31 orcs
  2 ball pythons (Sewer)
  7 bats
  9 giant cockroaches
  21 goblins
  10 hobgoblins
  9 jackals
  18 kobolds
  4 quokkas (D:2)
  6 frilled lizards
  A leopard gecko zombie (D:7)
  A quokka zombie (D:8)
  6 rats
258 creatures vanquished.

Notes
Turn   | Place    | Note
-------+----------+-------------------------------------------
     0 | D:1      | Duffy the Deep Elf Fire Elementalist began the quest for the Orb.
     0 | D:1      | Reached XP level 1. HP: 10/10 MP: 6/6
   194 | D:1      | Reached skill level 2 in Conjurations
   234 | D:2      | Reached XP level 2. HP: 15/15 MP: 5/8
   468 | D:2      | Noticed Sigmund
   492 | D:2      | Reached skill level 3 in Conjurations
   553 | D:2      | Reached XP level 3. HP: 19/19 MP: 6/9
   613 | D:2      | Found a shimmering altar of Xom.
   677 | D:2      | Learned a level 3 spell: Conjure Flame
   928 | D:3      | Reached skill level 4 in Conjurations
   972 | D:3      | Found a glowing drain.
   976 | D:3      | Reached XP level 4. HP: 24/24 MP: 7/10
   990 | Sewer    | Entered a sewer
  1009 | Sewer    | Noticed a big kobold
  1016 | Sewer    | Killed a big kobold
  1016 | Sewer    | Reached skill level 4 in Spellcasting
  1016 | Sewer    | Reached skill level 4 in Fire Magic
  1047 | Sewer    | Reached XP level 5. HP: 28/28 MP: 11/13
  1149 | Sewer    | Reached XP level 6. HP: 32/32 MP: 11/15
  1221 | Sewer    | Learned a level 4 spell: Sticky Flame
  1227 | Sewer    | Learned a level 5 spell: Fireball
  1236 | Sewer    | Reached skill level 5 in Conjurations
  1236 | Sewer    | Reached skill level 5 in Fire Magic
  1708 | Sewer    | Reached skill level 5 in Spellcasting
  1708 | Sewer    | Reached XP level 7. HP: 34/36 MP: 13/16
  1897 | Sewer    | Reached skill level 6 in Fire Magic
  2307 | D:3      | Noticed Robin
  2332 | D:4      | Reached skill level 6 in Conjurations
  2385 | D:4      | Found a hazy altar of Hepliaklqana.
  2618 | D:4      | Noticed Edmund
  2636 | D:4      | Killed Edmund
  2734 | D:5      | Entered Level 5 of the Dungeon
  2735 | D:5      | Identified the Almanac of the Frostbite and Sinister Arts
  2829 | D:4      | Reached skill level 7 in Fire Magic
  2829 | D:4      | Reached XP level 8. HP: 41/41 MP: 13/18
  2968 | D:4      | Found a staircase to the Ecumenical Temple.
  2977 | Temple   | Entered the Ecumenical Temple
  3069 | Temple   | Became a worshipper of Vehumet
  3283 | D:4      | Reached skill level 6 in Spellcasting
  3533 | D:2      | Killed Sigmund
  3533 | D:2      | Reached skill level 7 in Conjurations
  3987 | D:1      | Reached * piety under Vehumet
  3987 | D:1      | Offered knowledge of Shock by Vehumet.
  4377 | D:2      | Found a glowing silver altar of Zin.
  4404 | D:2      | Found an ancient bone altar of Kikubaaqudgha.
  4407 | D:2      | Found a burning altar of Makhleb.
  4727 | D:2      | Found a sacrificial altar of Ru.
  4965 | D:3      | Killed Robin
  5439 | D:5      | Noticed Blork the orc
  5444 | D:5      | Killed Blork the orc
  5463 | D:5      | Found an opulent altar of Gozag.
  5467 | D:5      | Reached ** piety under Vehumet
  5467 | D:5      | Offered knowledge of Searing Ray by Vehumet.
  5510 | D:5      | Noticed Prince Ribbit
  5513 | D:5      | Killed Prince Ribbit
  5513 | D:5      | Reached skill level 8 in Fire Magic
  5623 | D:5      | Reached skill level 7 in Spellcasting
  5623 | D:5      | Reached skill level 8 in Conjurations
  6560 | D:6      | Reached XP level 9. HP: 45/45 MP: 16/21
  7229 | D:6      | Reached skill level 9 in Fire Magic
  7888 | D:6      | Reached skill level 9 in Conjurations
  8021 | D:7      | Reached skill level 8 in Spellcasting
  8114 | D:7      | Reached skill level 1 in Fighting
  8392 | D:6      | Offered knowledge of Mephitic Cloud by Vehumet.
  8457 | D:6      | Reached skill level 2 in Fighting
  8921 | D:8      | Reached skill level 3 in Fighting
  9219 | D:8      | Reached skill level 4 in Fighting
  9358 | D:8      | Reached *** piety under Vehumet
  9667 | D:8      | Reached skill level 5 in Fighting
  9790 | D:8      | Reached XP level 10. HP: 59/59 MP: 12/24
 10588 | D:9      | Reached skill level 6 in Fighting
 10650 | D:9      | Noticed a three-headed hydra
 10661 | D:9      | Offered knowledge of Ignite Poison by Vehumet.
 10817 | D:9      | Killed a three-headed hydra
 10817 | D:9      | Reached skill level 7 in Fighting
 11138 | D:9      | Reached skill level 8 in Fighting
 11918 | D:9      | Found an iron altar of Okawaru.
 12026 | D:9      | Noticed an unseen horror
 12028 | D:9      | Killed an unseen horror
 12028 | D:9      | Reached skill level 3 in Dodging
 12212 | D:10     | Entered Level 10 of the Dungeon
 12232 | D:10     | Found a flagged portal.
 12239 | Bailey   | Entered a bailey
 12242 | Bailey   | Noticed an orc knight
 12250 | Bailey   | Reached skill level 4 in Dodging
 12287 | Bailey   | Noticed an orc knight
 12295 | Bailey   | Shot with a bolt by an orc warrior

Vault maps used:
D:1:      kilobyte_arrival_exit_the_forest
D:2:      wad_woods_tower, zin_academy, lemuel_round_altar, lemuel_doored_altar,
          grunt_temple_overflow_open, small_statue_intersection, uniq_sigmund
D:3:      first_bread, gup_sewer_entry_bubbles, uniq_robin
D:4:      marbit_many_paths, kennysheep_generic_room_3, uniq_edmund
D:5:      nicolae_gozag_seed_capital, uniq_blork_the_orc, uniq_prince_ribbit1
D:9:      kennysheep_mini_moat, hangedman_ranch
D:10:     enter_bailey_2
Temple:   jpeg_temple_clearing
Sewer:    sewer_co_tree
Bailey:   bailey_polearm_4, bailey

Skill      XL: |  1  2  3  4  5  6  7  8  9 10 |
---------------+-------------------------------+-----
Conjurations   | 2 3 4 5 6 8 9 |  9.2
Spellcasting   | 4 5 7 8 |  8.0
Fire Magic     | 4 5 7 8 9 |  9.3
Fighting       | 5 8 |  8.7
Dodging        | 4 |  4.2
Stealth        | |  2.4

Action                   |  1- 3 |  4- 6 |  7- 9 | 10-12 || total
-------------------------+-------+-------+-------+-------++-------
Melee: Unarmed           |     2 |       |       |       ||     2
       Whip              |       |       |    30 |       ||    30
       Battleaxe         |       |       |    15 |       ||    15
       Staff             |       |       |       |     1 ||     1
 Cast: Flame Tongue      |    50 |    37 |   309 |    94 ||   490
       Sticky Flame      |       |       |    20 |     9 ||    29
       Fireball          |       |       |    14 |    11 ||    25
       Conjure Flame     |       |       |     7 |     8 ||    15
  Use: Scroll            |       |       |    10 |     9 ||    19
       Potion            |       |       |       |     1 ||     1
  Eat: Chunk             |       |     2 |    29 |     9 ||    40
       Beef jerky        |       |       |     1 |       ||     1
Armor: Robe              |     7 |     2 |    29 |     3 ||    41
Dodge: Dodged            |    12 |     9 |   107 |    25 ||   153
